 Dungeon Crawl Stone Soup version 0.20-a0-1026-gc3ddcbd (webtiles) character file.

1167 Ordine the Cleaver (level 8, -3/68 HPs)
             Began as a Deep Dwarf Fighter on Apr 20, 2017.
             Was an Initiate of Makhleb.
             Slain by a six-headed hydra (7 damage)
             ... on level 6 of the Dungeon.
             The game lasted 00:18:06 (3468 turns).

Ordine the Cleaver (Deep Dwarf Fighter)             Turns: 3468, Time: 00:18:07

Health: -3/68      AC:  6    Str: 25    XL:     8   Next: 17%
Magic:  7/7        EV: 12    Int:  9    God:    Makhleb [......]
Gold:   131        SH: 10    Dex: 19    Spells: 7/7 levels left

rFire    . . .     SeeInvis +   w - +0 broad axe
rCold    . . .     Gourm    .   c - +0 shield
rNeg     . . .     Faith    .   b - +0 scale mail
rPois    .         Spirit   .   (no helmet)
rElec    .         Reflect  .   (no cloak)
rCorr    .         Harm     .   (no gloves)
MR       +....                  (no boots)
Stlth    +.........             e - amulet of magic regeneration
Regen    0.0/turn               x - ring of see invisible
MPRegen  0.2/turn               d - +5 ring of strength

@: agile, non-regenerating, hasted, very quick
A: damage resistance, heal wounds, sense surroundings 1, no regeneration
a: Heal Wounds, Renounce Religion


You were on level 6 of the Dungeon.
You worshipped Makhleb.
Makhleb was noncommittal.
You were not hungry.

You visited 1 branch of the dungeon, and saw 6 of its levels.

You collected 131 gold pieces.

Inventory:

Hand Weapons
 w - a +0 broad axe (weapon)
Armour
 b - a +0 scale mail (worn)
 c - a +0 shield (worn)
Jewellery
 d - a +5 ring of strength (right hand)
 e - an amulet of magic regeneration (around neck)
 s - an uncursed ring of wizardry
 x - a ring of see invisible (left hand)
 y - an uncursed ring of protection from fire
Wands
 g - a wand of polymorph (12/24)
 q - a wand of flame (24/48)
 u - a wand of acid (5/15)
Scrolls
 i - 5 scrolls of fear
 k - a scroll of remove curse
 m - 2 scrolls of magic mapping
 n - 2 scrolls of teleportation
Potions
 j - 2 potions of agility
 p - a potion of mutation
 r - a potion of haste
 t - a potion of heal wounds {unknown}
 v - 2 potions of brilliance
Comestibles
 a - 6 chunks of flesh
 f - 8 bread rations
 h - 2 royal jellies
 l - 5 fruits
 o - 3 meat rations


   Skills:
 - Level 2.6 Fighting
 + Level 10.7 Axes
 - Level 3.2 Armour
 - Level 3.2 Shields


You had 7 spell levels left.
You didn't know any spells.

Dungeon Overview and Level Annotations

Branches:
Dungeon (6/15)
 Temple: D:4-7

Altars:
Makhleb
Nemelex Xobeh
Uskayaw

Annotations:
D:6 exclusions: electric eel and 1 more exclusion


Innate Abilities, Weirdness & Mutations

You are resistant to damage.
You can heal yourself by infusing magical energy.
You passively map a small area around you.
You do not regenerate.


Message History

* * * LOW HITPOINT WARNING * * *
Unknown command.
Unknown command.
You hack one of the five-headed hydra's heads off!
The four-headed hydra grows two more!
You slice the six-headed hydra!!
The six-headed hydra is moderately wounded.
You block the six-headed hydra's attack.
The six-headed hydra bites you.
* * * LOW HITPOINT WARNING * * *
The six-headed hydra bites you!
* * * LOW HITPOINT WARNING * * *
The six-headed hydra misses you. The six-headed hydra barely misses you.
The six-headed hydra bites you but does no damage.
Unknown command.
Unknown command.
Unknown command.
You feel yourself speed up. The six-headed hydra bites you!
* * * LOW HITPOINT WARNING * * *
The six-headed hydra barely misses you. The six-headed hydra bites you!
You die...

, * , ,, , , _ , * * , *
,, ####### , #.....# ,
#. ## #.#.#.### , , #. .
##...#...####### ,
..#.###..#####......>#
#D..#.@....#.........#
,,#..##D#.†..#.######..#
,,#..##O##.#...# #..# ,
#..##.##.##..# #..#
.####..##.##.#...# #..#
..............#. ##
#..## #.#####..........#
##.#.# , #.##.####.##
##.###. * #....# ,# #.##
##


You could see a six-headed hydra and an ogre.

Vanquished Creatures
  The ghost of Tomek the Slasher, an amateur DsCK of Xom (D:4)
  A phantom (D:5)
  A sky beast (D:5)
  An ice beast (D:5)
  An ogre (D:6)
  A wyvern zombie (D:6)
  A crimson imp (D:5)
  3 hounds
  A bullfrog skeleton (D:5)
  A jelly (D:5)
  2 orc wizards (D:6)
  2 worker ants
  A hound skeleton (D:4)
  A worker ant zombie (D:5)
  8 adders
  4 gnolls (D:3)
  2 shadow imps (D:5)
  An ooze (D:3)
  An adder skeleton (D:5)
  2 worms
  2 dart slugs
  2 leopard geckos
  6 orcs
  3 ball pythons
  13 bats
  3 giant cockroaches
  13 goblins
  5 hobgoblins
  15 jackals
  3 quokkas
  5 frilled lizards
  2 kobolds
  14 rats
122 creatures vanquished.

Notes
Turn   | Place    | Note
-------+----------+-------------------------------------------
     0 | D:1      | Ordine the Deep Dwarf Fighter began the quest for the Orb.
     0 | D:1      | Reached XP level 1. HP: 20/20 MP: 1/1
    42 | D:1      | Reached skill level 3 in Axes
    65 | D:1      | Reached XP level 2. HP: 24/27 MP: 2/2
   285 | D:1      | Reached XP level 3. HP: 27/33 MP: 3/3
   290 | D:1      | Reached skill level 4 in Axes
  1126 | D:2      | Reached XP level 4. HP: 24/40 MP: 4/4
  1208 | D:2      | Reached skill level 5 in Axes
  1411 | D:3      | Reached XP level 5. HP: 27/46 MP: 5/5
  1624 | D:3      | Reached skill level 6 in Axes
  1638 | D:3      | Found a hide-covered altar of Uskayaw.
  2107 | D:4      | Noticed Tomek's ghost (amateur DsCK)
  2115 | D:4      | Killed Tomek's ghost
  2115 | D:4      | Reached skill level 7 in Axes
  2115 | D:4      | Reached XP level 6. HP: 37/55 MP: 6/6
  2147 | D:4      | Reached skill level 8 in Axes
  2491 | D:5      | Entered Level 5 of the Dungeon
  2604 | D:5      | Noticed a sky beast
  2615 | D:5      | Killed a sky beast
  2615 | D:5      | Reached XP level 7. HP: 51/61 MP: 7/7
  2639 | D:5      | Found a burning altar of Makhleb.
  2641 | D:5      | Found a sparkling altar of Nemelex Xobeh.
  2645 | D:5      | Became a worshipper of Makhleb the Destroyer
  2659 | D:5      | Reached skill level 9 in Axes
  3217 | D:6      | Reached skill level 10 in Axes
  3257 | D:6      | Reached XP level 8. HP: 20/68 MP: 8/8
  3449 | D:6      | Noticed a four-headed hydra
  3468 | D:6      | Slain by a six-headed hydra

Vault maps used:
D:1:      mrwooster_arrival_statue
D:2:      first_bread
D:3:      overflow_temple_1_default
D:5:      grunt_temple_overflow_open
D:6:      marbit_many_paths, nicolae_qazlal_general_emergency, serial_shops,
          kennysheep_mini, enter_ossuary_5, minmay_misc_feat_ornament,
          kennysheep_boxes, uniq_blork_the_orc

Skill      XL: |  1  2  3  4  5  6  7 |
---------------+----------------------+-----
Axes           | 3 4 5 7 8 10 | 10.7
Fighting       | |  2.6
Armour         | |  3.2
Shields        | |  3.2

Action                   |  1- 3 |  4- 6 |  7- 9 || total
-------------------------+-------+-------+-------++-------
Melee: War axe           |   158 |   169 |       ||   327
       Broad axe         |       |    20 |   101 ||   121
 Abil: Heal Wounds       |       |     4 |     7 ||    11
  Use: Scroll            |     8 |     2 |     4 ||    14
       Potion            |       |     1 |     2 ||     3
  Eat: Chunk             |     1 |     5 |     3 ||     9
Armor: Scale mail        |    80 |    82 |    29 ||   191
Dodge: Dodged            |    52 |    42 |    25 ||   119
Block: Shield            |    88 |    99 |    43 ||   230
